 Dungeon Crawl Stone Soup version 0.31-a0-1309-gbf3fed316f (webtiles) character file.

Game seed: 12120028924812895529

766 MacCMillion the Chopper (level 7, -4/57 HPs)
             Began as a Ghoul Fighter on Dec 20, 2023.
             Was a Follower of Okawaru.
             Slain by a gnoll
             ... wielding a +0 flail
             ... led by a gnoll bouda
              (8 damage)
             ... on level 5 of the Dungeon.
             The game lasted 00:07:57 (4494 turns).

MacCMillion the Chopper (Ghoul Fighter)             Turns: 4494, Time: 00:07:58

Health: -4/57      AC: 16    Str: 22    XL:     7   Next: 82%
Magic:  5/8        EV:  7    Int:  7    God:    Okawaru [*.....]
Gold:   167        SH:  5    Dex:  8    Spells: 6/6 levels left

rFire   . . .        a - +0 war axe
rCold   + . .        c - +0 buckler
rNeg    + + +        t - +0 plate armour
rPois   ∞            (no helmet)
rElec   .            (no cloak)
rCorr   .            i - +0 pair of gloves
SInv    .            s - +0 pair of boots
Will    .....        (no amulet) Stlth
                     (no ring)
HPRegen 0.00/turn    (no ring)
MPRegen 0.11/turn

%: no passive effects
@: heroic, inhibited regen
A: claws 1, cold resistance 1, negative energy resistance 3, inhibited
regeneration, torment resistance 2, devour on kill
a: Renounce Religion, Heroism


You were on level 5 of the Dungeon.
You worshipped Okawaru.
Okawaru was aware of your devotion.
You visited 1 branch of the dungeon, and saw 5 of its levels.

You collected 227 gold pieces.
You spent 60 gold pieces at shops.

Inventory:

Hand Weapons
 a - a +0 war axe (weapon)
Missiles
 u - 2 atropa-tipped darts
Armour
 c - a +0 buckler (worn)
 i - a +0 pair of gloves (worn)
 s - a +0 pair of boots (worn)
 t - a +0 plate armour (worn)
Wands
 h - a wand of iceblast (6)
 x - a wand of flame (22)
Scrolls
 b - a scroll of noise
 g - a scroll of teleportation
 j - 2 scrolls of blinking {unknown}
 k - a scroll of summoning {unknown}
 l - a scroll of immolation {unknown}
 m - a scroll of silence {unknown}
 n - a scroll of enchant armour {unknown}
 y - a scroll of identify
Potions
 d - a potion of might
 e - a potion of curing
 f - a potion of attraction
 o - 2 potions of brilliance {unknown}
 p - a potion of lignification {unknown}
 q - a potion of haste {unknown}
 v - a potion of mutation {unknown}
 w - a potion of degeneration {unknown}


   Skills:
 - Level 3.2(8.2) Fighting
 + Level 7.2(12.2) Axes
 - Level 2.6(7.6) Armour
 - Level 4.0(9.0) Shields
 + Level 1.3 Invocations


You had 6 spell levels left.
You didn't know any spells.
Your spell library contained the following spells:

 Spells                   Type           Power      Damage    Failure   Level
 Sandblast                Erth           0%         2d4       100%        1
 Shock                    Conj/Air       0%         1d3       100%        1
 Passwall                 Tmut/Erth      0%         N/A       100%        2
 Stone Arrow              Conj/Erth      0%         3d7       100%        3
 Swiftness                Air            0%         N/A       100%        3
 Airstrike                Air            0%         2d(0-16)  100%        4
 Brom's Barrelling Bould  Conj/Erth      0%         2d3       100%        4


Dungeon Overview and Level Annotations

Branches:
Dungeon (5/15)             Temple (0/1) D:4

Altars:
Makhleb
Okawaru
Ru
Sif Muna
Wu Jian
Xom

Shops:
D:3 !


Innate Abilities, Weirdness & Mutations

You are immune to poison.
You have sharp fingernails.
Your flesh is cold resistant. (rC+)
You are immune to negative energy. (rN+++)
You do not regenerate when monsters are visible.
You are immune to unholy pain and torment.
You thrive by killing the living.


Message History

The gnoll bouda barks out a call to the hunt!
The gnoll picks up the pace!
You closely miss the gnoll bouda.
The gnoll bouda is severely wounded.
The gnoll is no longer moving quickly.
The gnoll barely misses you.
The gnoll bouda gazes fiercely through you!
You feel your attacks grow feeble.
The gnoll bouda hits you but does no damage.
You slash the gnoll bouda!
You kill the gnoll bouda!
Okawaru accepts your kill. The gnoll hits you but does no damage.
Your Invocations skill increases to level 1!
You hit the gnoll.
The gnoll is moderately wounded.
You block the gnoll's attack. x2
You slash the gnoll!
The gnoll is almost dead.
The gnoll hits you from afar with a +0 spear.
The gnoll hits you with a +0 club.
* * * LOW HITPOINT WARNING * * *
You hit the gnoll but do no damage.
The gnoll is almost dead.
Your attacks no longer feel as feeble.
You block the gnoll's attack. x2
You slash the gnoll!
You kill the gnoll!
Okawaru accepts your kill. You block the gnoll's attack.
You closely miss the gnoll. The gnoll hits you with a +0 flail.
* * * LOW HITPOINT WARNING * * *
The gnoll hits you but does no damage.
You closely miss the gnoll. The gnoll hits you with a +0 flail.
* * * LOW HITPOINT WARNING * * *
The gnoll hits you from afar with a +0 spear.
* * * LOW HITPOINT WARNING * * *
You hit the gnoll.
The gnoll is lightly wounded.
The gnoll hits you with a +0 flail!
You die...

...........................## ##
............................# ##.
............................###..
.................................
......................###..###...
....................### #..# ####
................gg### #.## #
#.............##g## #.#
###.......#...##@# ###
#..#...####..#### ##..#### ##..#
#### ####


You could see 3 gnolls.

Vanquished Creatures
  A black bear (D:4)
  2 ogres
  A scorpion (D:4)
  3 hounds
  2 gnoll boudas
  Natasha (D:3)
  13 gnolls
  3 adders
  A shadow imp (D:5)
  A worm (D:4)
  5 dart slugs
  10 orcs
  9 endoplasms
  3 giant cockroaches
  6 goblins
  7 hobgoblins
  4 quokkas
  8 ball pythons
  6 bats
  5 frilled lizards
  7 kobolds
  8 rats
106 creatures vanquished.

Notes
Turn   | Place    | Note
-------+----------+-------------------------------------------
     0 | D:1      | MacCMillion the Ghoul Fighter began the quest for the Orb.
     0 | D:1      | Reached XP level 1. HP: 19/19 MP: 1/1
   145 | D:1      | Reached skill level 2 in Axes
   160 | D:1      | Reached XP level 2. HP: 26/26 MP: 2/2
   489 | D:1      | Reached XP level 3. HP: 31/31 MP: 3/3
   632 | D:1      | Found a faded altar of an unknown god.
  1090 | D:2      | Reached XP level 4. HP: 38/38 MP: 4/4
  1096 | D:2      | Reached skill level 3 in Axes
  1205 | D:1      | Reached XP level 5. HP: 44/45 MP: 5/5
  1457 | D:2      | Found an iron altar of Okawaru.
  1468 | D:2      | Became a worshipper of Warmaster Okawaru
  1484 | D:2      | You fall into a shaft and drop 2 floors!
  1833 | D:3      | Reached skill level 4 in Axes
  1973 | D:3      | Found Xain's Distillery.
  1993 | D:3      | Bought a potion of heal wounds for 60 gold pieces
  2114 | D:3      | Found a burning altar of Makhleb.
  2185 | D:3      | Noticed Natasha
  2194 | D:3      | Killed Natasha
  2497 | D:4      | Reached skill level 5 in Axes
  2497 | D:4      | Reached XP level 6. HP: 51/51 MP: 6/6
  2770 | D:4      | Found a staircase to the Ecumenical Temple.
  2772 | D:4      | Noticed a black bear
  2993 | D:4      | Reached * piety under Okawaru
  2994 | D:4      | Reached skill level 6 in Axes
  2994 | D:4      | Reached XP level 7. HP: 17/57 MP: 7/7
  3606 | D:5      | Entered Level 5 of the Dungeon
  3612 | D:5      | Reached skill level 7 in Axes
  3904 | D:5      | Found an ornate altar of the Wu Jian Council.
  3904 | D:5      | Found a sacrificial altar of Ru.
  3905 | D:5      | Found a shimmering blue altar of Sif Muna.
  3925 | D:5      | Found a shimmering altar of Xom.
  4488 | D:5      | Reached skill level 1 in Invocations
  4494 | D:5      | Slain by a gnoll

Illustrated notes

Levels and vault maps discovered:
D:1:      onia_arrival_mini_maze, layout_rooms, ebering_ecumenical_altar_rust
D:2:      layout_rooms, basic_altar, chequers_mini_garden
D:3:      layout_rooms, lightli_temple_of_fire, serial_shops,
          nicolae_shop_industrial_runoff, kennysheep_nondescript,
          dk_noncrumbling_3, uniq_natasha
D:4:      layout_basic, minmay_temple_entry_wispy
D:5:      layout_layer_cave, nicolae_elyvilon_peaceful_grove,
          nicolae_overflow_hidden_temple

Skill      XL: |  1  2  3  4  5  6  7 |
---------------+----------------------+-----
Axes           | 2 3 5 6 7 |  7.2
Shields        | 3 4 |  4.0
Invocations    | 1 |  1.3
Fighting       | |  3.2
Armour         | |  2.6

Action                     |  1- 3 |  4- 6 |  7- 9 || total
---------------------------+-------+-------+-------++-------
  Melee: War axe           |    81 |   198 |    77 ||   356
  Throw: Dart              |       |       |     2 ||     2
 Invoke: Heroism           |       |       |     1 ||     1
  Evoke: Wand              |       |     1 |       ||     1
    Use: Scroll            |       |     3 |     1 ||     4
         Potion            |       |       |     1 ||     1
 Armour: Scale mail        |    50 |    80 |       ||   130
         Plate armour      |       |    53 |   122 ||   175
  Dodge: Dodged            |    40 |    97 |    37 ||   174
  Block: Buckler           |    28 |    44 |    22 ||    94

Table legend: (Time is in decaauts)
 A = Elapsed time spent in this place.
 B = Non-inter-level travel time spent in this place.
 C = Inter-level travel time spent in this place.
 D = Time resting spent in this place.
 E = Time spent auto-exploring this place.
 F = Levels seen in this place.
 G = Mean time per level.
                   A        B        C        D        E       F      G
               +--------+--------+--------+--------+--------+-----+--------+
         Total |   4613 |   4256 |    357 |   1112 |   2027 |   5 |  922.6 |
       Dungeon |   4613 |   4256 |    357 |   1112 |   2027 |   5 |  922.6 |
               +--------+--------+--------+--------+--------+-----+--------+

Top non-repeatable levels by time:
     D:1: 1249 daAuts
     D:4: 1219 daAuts
     D:5: 850 daAuts
     D:3: 785 daAuts
     D:2: 508 daAuts
